 Dungeon Crawl Stone Soup version 0.31-a0-431-g88bdf31460 (webtiles) character file.

Game seed: 605111873252687261

65 123mememe the Covered (level 3, 0/33 HPs)
             Began as a Minotaur Fighter on July 31, 2023.
             Was an Initiate of Gozag.
             Slain by a gnoll
             ... wielding a +0 halberd
              (12 damage)
             ... on level 3 of the Dungeon.
             The game lasted 00:12:19 (1785 turns).

123mememe the Covered (Minotaur Fighter)            Turns: 1785, Time: 00:12:20

Health: 0/33       AC:  3    Str: 22    XL:     3   Next: 92%
Magic:  2/2        EV: 10    Int:  5    God:    Gozag
Gold:   52         SH:  4    Dex:  9    Spells: 2/2 levels left

rFire   . . .        a - +0 war axe
rCold   . . .        c - +0 buckler
rNeg    . . .        i - +0 leather armour
rPois   .            (helmet restricted)
rElec   .            (no cloak)
rCorr   .            (no gloves)
SInv    .            (no boots)
Will    .....        (no amulet)
Stlth   +            (no ring)
HPRegen 0.25/turn    (no ring)
MPRegen 0.08/turn

%: no passive effects
@: no status effects
A: horns 2, retaliatory headbutt
a: Renounce Religion, Potion Petition, Call Merchant, Bribe Branch


You were on level 3 of the Dungeon.
You worshipped Gozag.
Gozag was noncommittal.
You visited 1 branch of the dungeon, and saw 3 of its levels.

You collected 90 gold pieces.
You paid 38 gold pieces to Gozag.

Inventory:

Hand Weapons
 a - a +0 war axe (weapon)
 e - a +0 hand axe
 r - a +0 rapier
Armour
 b - a +0 scale mail
 c - a +0 buckler (worn)
 h - a +0 helmet
 i - a +0 leather armour (worn)
 j - a +0 robe
Scrolls
 g - a scroll of noise {unknown}
 k - a scroll of immolation {unknown}
 o - a scroll of identify {unknown}
 p - 3 scrolls of butterflies {unknown}
 q - a scroll of vulnerability {unknown}
 t - a scroll of blinking {unknown}
 u - 3 scrolls of teleportation {unknown}
 v - a scroll of poison {unknown}
Potions
 d - a potion of might
 f - 2 potions of heal wounds {unknown}
 l - a potion of brilliance {unknown}
 m - a potion of mutation {unknown}
 n - a potion of lignification {unknown}


   Skills:
 + Level 4.1 Fighting
 + Level 3.5 Axes
 + Level 4.3 Armour
 + Level 4.2 Shields


You had 2 spell levels left.
You didn't know any spells.
Your spell library contained the following spells:

 Spells                   Type           Power      Damage    Failure   Level
 Tukima's Dance           Hex            0%         N/A       92%         3
 Passage of Golubria      Tloc           0%         N/A       100%        4
 Yara's Violent Unravell  Hex/Tmut       0%         3d3       100%        5


Dungeon Overview and Level Annotations

Branches:
Dungeon (3/15)

Altars:
Elyvilon
Gozag


Innate Abilities, Weirdness & Mutations

You have a pair of horns on your head.
You reflexively headbutt those who attack you in melee.


Message History

You now have 52 gold pieces (gained 7).
A gnoll comes into view. It is wielding a +0 club.
The gnoll shouts!
You hear a shout!
A gnoll comes into view. It is wielding a +0 halberd.
You hear a shout! x2
Throw: 2 darts (poison)
Press: ? - help, Q - select action, (/) - cycle Shift-Dir - straight line, f - gnoll
Aim: a gnoll, wielding a +0 club (56% to hit)
You throw a poisoned dart.
The poisoned dart barely misses the gnoll.
Throw: dart (poison)
Press: ? - help, Q - select action, (/) - cycle Shift-Dir - straight line, f/p - gnoll
Aim: a gnoll, wielding a +0 club (56% to hit)
You throw a poisoned dart. The poisoned dart hits the gnoll.
The gnoll is poisoned.
The gnoll attacks as you move away! You block the gnoll's attack.
The gnoll attacks as you move away! The gnoll barely misses you.
The gnoll attacks as you move away! The gnoll hits you with a +0 club.
A gnoll comes into view. It is wielding a +0 spear.
The gnoll shouts!
You slash the gnoll!
You kill the gnoll!
The gnoll hits you but does no damage. The gnoll barely misses you.
The gnoll hits you from afar with a +0 halberd.
The gnoll hits you from afar with a +0 spear.
The gnoll barely misses you.
You hit the gnoll.
The gnoll is lightly wounded.
The gnoll hits you from afar with a +0 spear.
The gnoll closely misses you.
A gnoll comes into view. It is wielding a +0 club.
The gnoll hits you with a +0 halberd!
The gnoll hits you from afar with a +0 spear.
* * * LOW HITPOINT WARNING * * *
A gnoll is nearby!
There is a stone staircase leading up here.
The gnoll hits you from afar with a +0 halberd!
You die...
Your body crumbles into a pile of gold.

#.# #$g#. #.#
###..#. #.#
#..g.#. #.#
#.##### #.#
#....#.
##.############.#.
#.g..g..........#.
#.#######.#####...
#@# #..g.g....
#.#### ########.#
#....# #.# ####.#
#.. #.# ### #.#
#.# #.# # #.#


You could see a gnoll.

Vanquished Creatures
  An adder (D:3)
  A gnoll (D:3)
  2 worms (D:2)
  2 dart slugs (D:1)
  4 ball pythons
  6 endoplasms
  A giant cockroach (D:1)
  5 goblins
  2 hobgoblins (D:1)
  A kobold (D:2)
  A quokka (D:1)
  2 bats (D:1)
  5 frilled lizards
  4 rats
37 creatures vanquished.

Notes
Turn   | Place    | Note
-------+----------+-------------------------------------------
     0 | D:1      | 123mememe the Minotaur Fighter began the quest for the Orb.
     0 | D:1      | Reached XP level 1. HP: 19/19 MP: 0/0
   102 | D:1      | Reached XP level 2. HP: 27/27 MP: 1/1
   971 | D:2      | Reached XP level 3. HP: 33/33 MP: 2/2
  1352 | D:2      | Found a faded altar of an unknown god.
  1367 | D:2      | Prayed at the altar of an unknown god.
  1367 | D:2      | Became a worshipper of Elyvilon the Healer
  1367 | D:2      | Reached * piety under Elyvilon
  1694 | D:3      | Found an opulent altar of Gozag.
  1703 | D:3      | Fell from the grace of Elyvilon
  1703 | D:3      | Became a worshipper of Gozag Ym Sagoz the Greedy
  1785 | D:3      | Slain by a gnoll

Illustrated notes

Levels and vault maps discovered:
D:1:      arrival_zaba_pyramid, layout_basic
D:2:      layout_basic, ebering_ecumenical_altar_box, kennysheep_path_1,
          nrook_uturn, nicolae_elevator_lobby_asterisk
D:3:      layout_loops_ring, old_standard_altar, chequers_serial_rivers_small_b,
          uniq_sigmund

Skill      XL: |  1  2  3 |
---------------+----------+-----
Armour         | 4 |  4.3
Fighting       | 4 |  4.1
Shields        | 4 |  4.2
Axes           | 3 |  3.5

Action                     || total
---------------------------++-------
  Melee: War axe           ||    69
         Headbutt          ||     9
  Throw: Dart              ||     2
 Invoke: Purification      ||     1
 Armour: Scale mail        ||     5
         Leather armour    ||    11
  Dodge: Dodged            ||    31
  Block: Buckler           ||    12

Table legend: (Time is in decaauts)
 A = Elapsed time spent in this place.
 B = Non-inter-level travel time spent in this place.
 C = Inter-level travel time spent in this place.
 D = Time resting spent in this place.
 E = Time spent auto-exploring this place.
 F = Levels seen in this place.
 G = Mean time per level.
                   A        B        C        D        E       F      G
               +--------+--------+--------+--------+--------+-----+--------+
         Total |   1814 |   1661 |    153 |     62 |   1286 |   3 |  604.7 |
       Dungeon |   1814 |   1661 |    153 |     62 |   1286 |   3 |  604.7 |
               +--------+--------+--------+--------+--------+-----+--------+

Top non-repeatable levels by time:
     D:1: 872 daAuts
     D:2: 722 daAuts
     D:3: 220 daAuts
